 BcadrenCrawl: Boulder Brew version 0.05.21-81-gd28e3044bd (webtiles) character file.

Game seed: 17636547405963861090, levelgen mode: deterministic

3058 theanonym the Cleaver (level 9, -7/79 HPs) Minotaur Noble. Began on Sept 5, 2021. Mangled by a guardian mummy ... wielding the +2 rapier of Action {pierce, +Inv rF- Str+4} (39 damage) ... on level 4 of the Dungeon. The game lasted 00:08:46 (4226 turns).

theanonym the Cleaver (Minotaur Noble)              Turns: 4226, Time: 00:08:47

Health: -7/79      AC: 17    Str: 25    XL:     9 ^: 1159
Magic:  14/14      EV:  8    Int:  7    God:
Gold:   181        SH:  0    Dex:  7    Spells: 16/16 levels left

rFire    + . .     Vision   .   a - +0 broad axe (chop)
rCold    + . .     Gourm    .   c - +0 hatchet (chop)
rNeg     . . .     Faith    .   b - +0 gold dragon scales
rCorr    . . .     Spirit   .   (helmet restricted)
rPois    +         Reflect  .   (no cloak)
rElec    .         Harm     .   (no gloves)
MR       .....                  n - +0 pair of boots
Stlth    ..........             f - amulet of regeneration
HPRegen  0.76/turn              (no ring)
MPRegen  0.24/turn              (no ring)

@: no status effects
A: horns, retaliatory headbutt 2
a: no special abilities


Innate Abilities, Weirdness & Mutations

You reflexively attack those that strike you in melee with your horns.


   Skills:
 + Level 7.4 Fighting
 * Level 10.7 Axes & Hammers
 + Level 7.2 Armour
 + Level 5.5 Stealth
 + Level 4.3 Spellcasting


You had 16 spell levels left.
You didn't know any spells.
Your spell library was empty.

Skill      XL: |  1  2  3  4  5  6  7  8  9 |
---------------+----------------------------+-----
Axes & Hammers | 1 2 8 9 10 | 10.7
Stealth        | 1 4 5 |  5.5
Armour         | 1 5 6 7 |  7.2
Fighting       | 2 5 6 7 |  7.4
Spellcasting   | 3 4 |  4.3

Action                   |  1- 3 |  4- 6 |  7- 9 || total
-------------------------+-------+-------+-------++-------
Melee: Broad axe         |   134 |    91 |   350 ||   575
       Unarmed           |   120 |    67 |   186 ||   373
       Headbutt          |     2 |     6 |    36 ||    44
       Hatchet           |       |       |    95 ||    95
  Use: Scroll            |       |     2 |       ||     2
       Potion            |       |     1 |       ||     1
  Eat: Chunk             |       |     3 |    11 ||    14
Armor: Gold dragon scale |   196 |    81 |   363 ||   640
Dodge: Dodged            |    59 |    27 |   173 ||   259

Inventory:

Weapons
 a - a +0 broad axe of chopping (weapon)
 c - a +0 hatchet of chopping (weapon)
Armour
 b - +0 gold dragon scales (worn)
 n - a +0 pair of boots (worn)
Jewellery
 f - an amulet of regeneration (around neck)
Wands
 l - a wand of ensnaring (9)
 v - a wand of acid (1)
Scrolls
 i - a scroll of silence
 m - a scroll of bless item
 t - 3 scrolls of teleportation
 y - a scroll of magic mapping
Potions
 d - a potion of beneficial mutation
 g - a potion of mutation
 h - a potion of haste
 j - a potion of ambrosia
Comestibles
 e - 6 rations
 k - 20 chunks of flesh


You were on level 4 of the Dungeon.
You were not hungry.

You visited 2 branches of the dungeon, and saw 5 of its levels.
You also visited: Market.

You collected 141 gold pieces.
You spent 960 gold pieces at shops.

Dungeon Overview and Level Annotations

Branches:
Dungeon (4/8)              Temple (1/1) D:4

Altars:
Ashenzari
Cheibriados
Dithmenos
Elyvilon
Fedhas Madash
Gozag Ym Sagoz
Kikubaaqudgha
Nemelex Xobeh
Okawaru
Qazlal
Sif Muna
Uskayaw
Vehumet
Xom
Zin
The Shining One

Shops:
D:2

* #...# #.# $.# .. #.###
#.# ..#.>. ##.# #.#
Z.#.. #..# #.# ###.###
##.#######.# ...#)..
#..........#
###M).#Z..##!รท..#######
##.#Z$$# #.....# #.#M#
+..@..# #.M## #..MZ##
##..# #.###.# #..## ##
#..# #.## #.## #..###
#.# ##...#### #M#
###..M.### ##.#
####ZM.####.Z#


You could see a guardian mummy and a bullfrog zombie.

Notes
Turn   | Place    | Note
-------+----------+-------------------------------------------
     0 | Start Ma | theanonym the Minotaur Noble began the quest for the Orb.
     0 | Start Ma | Reached XP level 1. HP: 16/16 MP: 1/1
     0 | Start Ma | Found Qitiokhese's Mashing MeleeMart.
     0 | Start Ma | Found Hutweall's Auxillary Armour.
    16 | Start Ma | Found Riuthramiuto's Expert Tomes.
    45 | Start Ma | Bought +0 gold dragon scales for 800 gold pieces
    65 | Start Ma | Bought a +0 broad axe for 160 gold pieces
    73 | D:1      | theanonym set off with the following items: a +0 broad axe,
                  | +0 gold dragon scales, a ration
    80 | D:1      | Noticed a komodo dragon
    80 | D:1      | Noticed a tyrant leech
    81 | D:1      | Noticed a centaur warrior
   120 | D:1      | HP: 4/16 [goblin/cursed +7 club {(Curse: Fragile MR-)}
                  | (10)]
   217 | D:1      | Reached skill level 1 in Axes & Hammers
   217 | D:1      | Reached skill level 1 in Stealth
   239 | D:1      | HP: 7/16 [kobold (2)]
   241 | D:1      | Reached XP level 2. HP: 10/23 MP: 2/2
   253 | D:1      | HP: 10/23 [hobgoblin/+0 club (2)]
   262 | D:1      | HP: 9/23 [cinder newt (2)]
   273 | D:1      | HP: 11/23 [giant cockroach (1)]
   278 | D:1      | Reached skill level 1 in Armour
   278 | D:1      | Reached XP level 3. HP: 15/29 MP: 3/3
   386 | D:1      | Reached skill level 2 in Axes & Hammers
   563 | D:1      | Reached skill level 2 in Fighting
   710 | D:1      | Reached XP level 4. HP: 34/36 MP: 5/5
   810 | D:1      | Reached skill level 5 in Fighting
   810 | D:1      | Reached skill level 8 in Axes & Hammers
   810 | D:1      | Reached skill level 5 in Armour
   810 | D:1      | Reached skill level 4 in Stealth
   810 | D:1      | Reached skill level 3 in Spellcasting
   810 | D:1      | Reached XP level 5. HP: 50/50 MP: 5/9
  1182 | D:2      | HP: 22/50 [crocodile (8)]
  1182 | D:2      | HP: 9/50 [crocodile (13)]
  1339 | D:2      | Found a faded altar of an unknown god.
  1360 | D:2      | Reached XP level 6. HP: 48/57 MP: 10/10
  1383 | D:2      | Reached skill level 6 in Fighting
  1562 | D:2      | Noticed a water moccasin
  1569 | D:2      | Reached skill level 9 in Axes & Hammers
  1571 | D:2      | HP: 28/57 [poisoned by a water moccasin]
  1576 | D:1      | HP: 18/57 [poisoned by a water moccasin]
  1580 | D:1      | Killed a water moccasin
  1580 | D:1      | Reached XP level 7. HP: 21/63 MP: 11/11
  1581 | D:1      | HP: 21/63 [poisoned by a water moccasin]
  1586 | D:1      | HP: 23/63 [poisoned by a water moccasin]
  1593 | D:1      | HP: 26/63 [poisoned by a water moccasin]
  1601 | D:1      | HP: 30/63 [poisoned by a water moccasin]
  1678 | D:2      | Reached skill level 6 in Armour
  1899 | D:2      | Found Tuif's Assorted Antiques.
  1961 | D:2      | Reached XP level 8. HP: 71/71 MP: 12/12
  2602 | D:2      | Reached skill level 5 in Stealth
  2949 | D:3      | Reached skill level 10 in Axes & Hammers
  2949 | D:3      | Reached skill level 4 in Spellcasting
  2997 | D:3      | Noticed Ijyb
  3003 | D:3      | Killed Ijyb
  3003 | D:3      | Reached skill level 7 in Fighting
  3257 | D:3      | Noticed Blork the orc
  3264 | D:3      | Killed Blork the orc
  3438 | D:3      | Reached XP level 9. HP: 70/79 MP: 14/14
  3603 | D:3      | Noticed Eustachio
  3615 | D:3      | Killed Eustachio
  3832 | D:4      | Connectivity tunneler affected
                  | nicolae_ossuary_entry_false_entrances.
  3832 | D:4      | Connectivity tunneler affected
                  | nicolae_ossuary_entry_false_entrances.
  3832 | D:4      | Found a staircase to the Ecumenical Temple.
  3850 | Temple   | Entered the Ecumenical Temple
  4027 | D:4      | Reached skill level 7 in Armour
  4186 | D:4      | Identified the cursed ring of Devotion {*Tele Dex+4,
                  | (Curse: Fragile rC-)}
  4187 | D:4      | Identified the +2 rapier of Action {pierce, +Inv rF- Str+4}
  4191 | D:4      | HP: 38/79 [mummy (12)]
  4225 | D:4      | HP: 38/79 [guardian mummy/the +2 rapier of Action {pierce,
                  | +Inv rF- Str+4} (24)]
  4226 | D:4      | Mangled by a guardian mummy

Vanquished Creatures
  Eustachio (D:3)
  A water moccasin (D:1)
  A porcupine (D:3)
  3 scorpions
  An ice beast (D:4)
  2 sky beasts (D:4)
  A black bear (D:4)
  An ogre (D:4)
  Ijyb (D:3)
  A crocodile (D:2)
  6 big kobolds (D:2)
  Blork the orc (D:3)
  A bullfrog (D:2)
  A howler monkey (D:3)
  2 hounds
  6 jellies (D:2)
  A mummy (D:4)
  4 iguanas
  2 worker ants
  3 water moccasin skeletons
  A wyvern skeleton (D:4)
  5 giant cockroaches
  3 bullfrog skeletons (D:4)
  A shadow imp (Temple)
  3 adders (D:3)
  34 sewer rats
  A white imp (D:4)
  5 worms
  7 cinder newts
  A hound skeleton (D:4)
  2 oozes
  4 dart slugs (D:1)
  5 leopard geckos
  2 orcs (D:3)
  An adder skeleton (D:4)
  A gnoll skeleton (D:2)
  7 goblins (D:1)
  8 hobgoblins (D:1)
  7 jackals
  4 quokkas
  6 ball pythons
  8 bats
  A bat skeleton (D:2)
  A hobgoblin skeleton (D:2)
  38 kobolds
  A leopard gecko skeleton (D:2)
  A leopard gecko zombie (D:4)
  A quokka skeleton (D:3)
  6 rats
  5 withered plants (D:2)
210 creatures vanquished.

Vanquished Creatures (others)
  105 withered plants (D:2)
105 creatures vanquished.

Grand Total: 315 creatures vanquished

Table legend:
 A = Turns spent in this place as a percentage of turns spent in the entire game.
 B = Non-inter-level travel turns spent in this place as a percentage of non-inter-level travel turns spent in the entire game.
 C = Inter-level travel turns spent in this place as a percentage of turns spent in this place.
 D = Turns resting spent in this place as a percentage of non-inter-level travel turns spent in this place.
 E = Turns spent auto-exploring this place as a percentage of non-inter-level travel turns spent in this place.
 F = Non-inter-level travel turns spent in this place divided by the number of levels of this place that you've seen.
                   A       B       C       D       E      F
               +-------+-------+-------+-------+-------+----------------------
         Total | 100.0 | 100.0 |   4.6 |  10.3 |  63.3 | 671.8
       Dungeon |  94.1 |  94.5 |   4.2 |  10.9 |  62.5 | 952.2
        Temple |   4.2 |   3.7 |  15.3 |   0.0 |  89.3 | 149.0
        Market |   1.7 |   1.8 |   0.0 |   0.0 |  47.9 |  73.0
               +-------+-------+-------+-------+-------+----------------------
